 Dungeon Crawl Stone Soup version 0.23-a0-860-g8ff03fb (webtiles) character file.

316039 Mgcat the Severer (level 21, -1/205 HPs)
             Began as a Naga Fighter on Jan 27, 2019.
             Was the Champion of Cheibriados.
             Killed from afar by a fire dragon (31 damage)
             ... with a blast of flame
             ... on level 2 of the Vaults.
             The game lasted 01:53:21 (42859 turns).

Mgcat the Severer (Naga Fighter)                   Turns: 42859, Time: 01:53:22

Health: -1/205     AC: 41    Str: 38    XL:     21   Next: 39%
Magic:  28/28      EV:  9    Int: 27    God:    Cheibriados [******]
Gold:   1221       SH: 22    Dex: 28    Spells: 16/20 levels left

rFire    . . .     SeeInvis +   J - +6 broad axe of Pijyixzu {chop, +Blink rN+ Stlth+}
rCold    + . .     Gourm    .   a - +0 shield {rN+}
rNeg     + + .     Faith    .   o - +6 crystal plate armour
rPois    +         Spirit   .   (helmet restricted)
rElec    .         Reflect  +   K - +2 cloak {+Inv}
rCorr    .         Harm     .   n - +1 pair of gloves
MR       +++..     Clarity  +   N - +0 naga barding {Fly}
Stlth    ..........             M - +6 amulet of reflection
HPRegen  0.44/turn              C - ring of protection from cold {rC+, !d}
MPRegen  0.21/turn              i - ring of protection from magic {MR+, !d}

@: flying, very slow
A: large, antennae 1, molten scales 1, see invisible, clarity, deformed body,
low mp 1, poison resistance, slowness 2, slow metabolism 1, spit poison 2,
constrict 1, AC +7
}: 2/15 runes: serpentine, barnacled
a: Breathe Poison Gas, Bend Time, Temporal Distortion, Slouch, Step From Time,
Renounce Religion, Evoke Blink, Evoke Invisibility, Stop Flying


You were on level 2 of the Vaults.
You worshipped Cheibriados.
Cheibriados was exalted by your worship.
You were not hungry.

You visited 8 branches of the dungeon, and saw 37 of its levels.
You visited 1 bazaar.
You also visited: Ice Cave.

You collected 3746 gold pieces.
You spent 2525 gold pieces at shops.

Inventory:

Hand Weapons
 H - a +3 broad axe of electrocution
   (You bought it in a shop in a bazaar)
 J - the +6 broad axe of Pijyixzu (weapon) {chop, +Blink rN+ Stlth+}
   (You acquired it on level 14 of the Dungeon)

   It inflicts extra damage upon your enemies.
   It protects you from negative energy.
   It lets you blink.
   It makes you more stealthy.
Missiles
 g - 7 throwing nets {=f, !d}
 j - 1604 stones (quivered)
Armour
 a - a +0 shield of positive energy (worn)
   (You took it off a naga warrior on level 4 of the Snake Pit)
 n - a +1 pair of gloves (worn)
   (You found it on level 8 of the Dungeon)
 o - a +6 crystal plate armour (worn)
   (You found it on level 2 of the Dungeon)
 K - a +2 cloak of invisibility (worn)
   (You bought it in a shop on level 14 of the Dungeon)
 N - a +0 naga barding of flying (worn)
   (You acquired it on level 4 of the Snake Pit)
Jewellery
 c - an uncursed ring of resist corrosion
   (You found it on level 1 of the Elven Halls)
 i - a ring of protection from magic (right hand) {MR+, !d}
   (You found it on level 5 of the Dungeon)
 C - a ring of protection from cold (left hand) {rC+, !d}
   (You found it on level 11 of the Dungeon)
 M - a +6 amulet of reflection (around neck)
   (You bought it in a shop on level 15 of the Dungeon)
Wands
 h - a wand of paralysis (6)
   (You found it on level 3 of the Snake Pit)
 x - a wand of digging (5)
   (You took it off Nessos on level 6 of the Lair of Beasts)
 A - a wand of iceblast (6)
   (You found it on level 9 of the Dungeon)
 L - a wand of acid (22)
   (You found it on level 15 of the Dungeon)
Scrolls
 d - 3 scrolls of blinking {!r}
 p - 13 scrolls of remove curse
 s - 15 scrolls of teleportation
 u - 6 scrolls of fear
 v - a scroll of summoning
 y - 8 scrolls of identify
 D - 6 scrolls of magic mapping {!r}
 E - 2 scrolls of fog
 I - a scroll of holy word {!r}
Potions
 b - a potion of agility
 e - 22 potions of curing
 k - 3 potions of might
 m - 5 potions of resistance
 q - 2 potions of ambrosia
 r - a potion of mutation {!q}
 t - 3 potions of cancellation
 z - 2 potions of heal wounds
Miscellaneous
 B - 3 boxes of beasts
 F - 2 phantom mirrors
 G - a phial of floods
   (You found it on level 6 of the Lair of Beasts)
 O - 3 sacks of spiders
 P - a lamp of fire
   (You found it on level 3 of the Elven Halls)
 S - a lightning rod (4/4)
   (You found it on level 3 of the Elven Halls)
 T - a fan of gales
   (You found it on level 3 of the Elven Halls)
Comestibles
 f - 54 rations
 l - 13 chunks of flesh {@w0}


   Skills:
 + Level 16.2 Fighting
 - Level 20.0 Axes
 + Level 11.5 Armour
 + Level 8.0 Dodging
 + Level 13.2 Shields
 + Level 13.9 Invocations
 - Level 10.0 Evocations


You had 16 spell levels left.
You knew the following spells:

 Your Spells              Type           Power        Failure   Level  Hunger
a - Summon Lightning Spi  Summ/Air       #.......     100%        4    #####..

Your spell library contained the following spells:

 Spells                   Type           Power        Failure   Level  Hunger
 Animate Skeleton         Necr           N/A          80%         1    ##.....
 Apportation              Tloc           #.....       80%         1    ##.....
 Confusing Touch          Hex            #.....       80%         1    ##.....
 Flame Tongue             Conj/Fire      #....        80%         1    ##.....
 Infusion                 Chrm           #...         80%         1    ##.....
 Magic Dart               Conj           #...         80%         1    ##.....
 Summon Small Mammal      Summ           #...         80%         1    ##.....
 Call Imp                 Summ           #.......     91%         2    ###....
 Ensorcelled Hibernation  Hex/Ice        #.....       91%         2    ###....
 Poisonous Vapours        Pois/Air       #.....       91%         2    ###....
 Shroud of Golubria       Chrm/Tloc      #.........   91%         2    ###....
 Song of Slaying          Chrm           #.......     91%         2    ###....
 Throw Flame              Conj/Fire      #.....       91%         2    ###....
 Throw Frost              Conj/Ice       #.....       91%         2    ###....
 Call Canine Familiar     Summ           #.......     99%         3    ####...
 Confuse                  Hex            #.......     99%         3    ####...
 Conjure Flame            Conj/Fire      #.......     99%         3    ####...
 Gell's Gravitas          Tloc           #.........   99%         3    ####...
 Inner Flame              Hex/Fire       #.......     99%         3    ####...
 Mephitic Cloud           Conj/Pois/Air  #.......     99%         3    ####...
 Regeneration             Chrm/Necr      #.........   99%         3    ####...
 Spectral Weapon          Hex/Chrm       #.......     99%         3    ####...
 Summon Guardian Golem    Hex/Summ       #.......     99%         3    ####...
 Leda's Liquefaction      Hex/Erth       #.........   100%        4    #####..
 Petrify                  Tmut/Erth      #.......     100%        4    #####..
 Sticky Flame             Conj/Fire      #.......     100%        4    #####..
 Summon Ice Beast         Ice/Summ       #.......     100%        4    #####..
 Throw Icicle             Conj/Ice       #.......     100%        4    #####..
 Bolt of Magma            Conj/Fire/Erth #.........   100%        5    ######.
 Fireball                 Conj/Fire      #.........   100%        5    ######.
 Metabolic Englaciation   Hex/Ice        #.........   100%        5    ######.
 Venom Bolt               Conj/Pois      #.........   100%        5    ######.
 Yara's Violent Unravell  Hex/Tmut       #.........   100%        5    ######.
 Bolt of Cold             Conj/Ice       #.........   100%        6    #######
 Freezing Cloud           Conj/Ice/Air   #.........   100%        6    #######
 Iron Shot                Conj/Erth      #.........   100%        6    #######
 Simulacrum               Ice/Necr       #.........   100%        6    #######
 Statue Form              Tmut/Erth      #........    100%        6    #######
 Ring of Flames           Chrm/Fire      #.........   100%        7    #######
 Ignition                 Fire           #.........   100%        8    #######
 Shatter                  Erth           #.........   100%        9    #######


Dungeon Overview and Level Annotations

Branches:
Dungeon (15/15)            Temple (1/1) D:7            Lair (6/6) D:9
 Shoals (4/4) Lair:4        Snake (4/4) Lair:3        Slime (0/5) Lair:6
    Orc (2/2) D:12            Elf (3/3) Orc:2        Vaults (2/5) D:13
 Depths (0/5) D:15
  Crypt: Vaults:2-3

Altars:
Ashenzari
Cheibriados
Fedhas
Kikubaaqudgha
Makhleb
Qazlal
Sif Muna
Trog
Uskayaw
Vehumet
Wu Jian
Xom
Yredelemnul
Beogh
Jiyva

Shops:
D:4 [   D:10 [   D:11 !   D:14 ?[[   D:15 =   Orc:1 }   Orc:2 (*%[   Snake:2 !}
Snake:4 :!:

Annotations:
D:5 3 runed translucent doors, Duffy's ghost, novice NaFi
D:8 2 transporters, Masnef's ghost, novice GrWz
D:13 2 transporters, Yceypur's ghost, journeyman DrBe
Lair:2 3 runed translucent doors, 1 exclusion, Hydrazoo's ghost, journeyman TrHu
Elf:2 6 runed translucent doors, Voneppui's ghost, adept NaGl


Innate Abilities, Weirdness & Mutations

You cannot wear boots.
Your serpentine skin is tough. (AC +7)
You have supernaturally acute eyesight. (SInv)
Armour fits poorly on your strangely shaped body.
Your system is resistant to poisons. (rPois)
You cover ground very slowly.
You have a slow metabolism.
You can exhale a cloud of poison.
You can use your snake-like lower body to constrict enemies.
You have a pair of small antennae on your head.
You are partially covered in molten scales. (AC +2)
You possess an exceptional clarity of mind.
Your magical capacity is low. (-10% MP)


Message History

The stone giant hits you!
You take 12 damage, and have 114/205 hp.
Danger x4: fire dragon, stone giant, yaktaur captain, phantasmal warrior!
Unknown command.
You slash the eye of devastation!
The eye of devastation is severely wounded.
You hit the yaktaur captain. You slash the stone giant!
Your crystal plate armour prevents you from hitting the hog.
You hit the black draconian. You constrict the eye of devastation.
The hog bites you but does no damage. You block the yaktaur captain's attack.
The stone giant barely misses you.
Danger x4: fire dragon, stone giant, yaktaur captain, phantasmal warrior!
Unknown command.
You hit the eye of devastation.
The eye of devastation is almost dead.
You slice the yaktaur captain!!
You kill the yaktaur captain!
Cheibriados appreciates the change of pace.
You hit the stone giant. You slash the hog!
You kill the hog!
Cheibriados thoroughly appreciates the change of pace.
You closely miss the black draconian.
You constrict the eye of devastation, but do no damage.
The black draconian breathes lightning at you.
The bolt of lightning misses you.
The phantasmal warrior blinks!
Unknown command.
Warning x3: The fire dragon has a nasty fire breath attack!
The stone giant throws large rocks and can hit for very high damage!
The phantasmal warrior can bypass armour and shields, and lowers MR!
You slice the eye of devastation!!
You kill the eye of devastation!
Cheibriados appreciates the change of pace.
You hit the stone giant. You closely miss the black draconian.
The fire dragon breathes flames at you. The blast of flame hits you!!
The stone giant hits you but does no damage.
The black draconian hits you but does no damage.
The phantasmal warrior blinks!
You take 35 damage, and have 80/205 hp.
Warning x3: The phantasmal warrior can bypass armour and shields, and lowers MR!
The fire dragon has a nasty fire breath attack!
The stone giant throws large rocks and can hit for very high damage!
Unknown command.
Warning x3: The phantasmal warrior can bypass armour and shields, and lowers MR!
The fire dragon has a nasty fire breath attack!
The stone giant throws large rocks and can hit for very high damage!
Unknown command.
Warning x3: The phantasmal warrior can bypass armour and shields, and lowers MR!
The fire dragon has a nasty fire breath attack!
The stone giant throws large rocks and can hit for very high damage!
You slash the black draconian! You grab the black draconian.
The black draconian is lightly wounded.
You slash the phantasmal warrior! You hit the stone giant.
You kill the stone giant!
Cheibriados appreciates the change of pace.
You constrict the black draconian.
Warning x2: The fire dragon has a nasty fire breath attack!
The phantasmal warrior can bypass armour and shields, and lowers MR!
Unknown command.
Warning x2: The fire dragon has a nasty fire breath attack!
The phantasmal warrior can bypass armour and shields, and lowers MR!
Unknown command.
Warning x2: The fire dragon has a nasty fire breath attack!
The phantasmal warrior can bypass armour and shields, and lowers MR!
You slice the black draconian!!
The black draconian is heavily wounded.
You barely miss the phantasmal warrior. You constrict the black draconian.
The phantasmal warrior hits you.
The black draconian breathes lightning at you.
The bolt of lightning hits you!!
* * * LOW HITPOINT WARNING * * *
Unknown command.
You take 24 damage, and have 57/205 hp.
Warning x2: The fire dragon has a nasty fire breath attack!
The phantasmal warrior can bypass armour and shields, and lowers MR!
Unknown command.
Warning x2: The fire dragon has a nasty fire breath attack!
The phantasmal warrior can bypass armour and shields, and lowers MR!
You slice the phantasmal warrior!!
You destroy the phantasmal warrior!
Cheibriados thoroughly appreciates the change of pace.
You slash the black draconian! You constrict the black draconian!
You block the black draconian's attack.
Unknown command.
Spoiler Alert: The fire dragon has a nasty fire breath attack!
Unknown command.
You slash the black draconian!
You kill the black draconian!
Cheibriados appreciates the change of pace.
The fire dragon breathes flames at you. The blast of flame hits you!!
* * * LOW HITPOINT WARNING * * *
You take 20 damage, and have 37/205 hp.
Spoiler Alert: The fire dragon has a nasty fire breath attack!
Unknown command.
Unknown command.
The fire dragon bites you but does no damage.
You block the fire dragon's attack.
The fire dragon tramples you but does no damage.
The fire dragon breathes flames at you. The blast of flame hits you!!
* * * LOW HITPOINT WARNING * * *
You block the fire dragon's attack. x2
The fire dragon tramples you but does no damage.
You take 28 damage, and have 9/205 hp.
Spoiler Alert: The fire dragon has a nasty fire breath attack!
Unknown command.
Unknown command.
Unknown command.
You feel much better. The fire dragon breathes flames at you.
The blast of flame hits you!!
You die...

#.... #.... #....
#....#### ### #.......#
#.. #.......# #..
#.......# { #..
#....D@)#############..
#.....)(+(..).......'..
#.....(.+...))......#..
#.......#############..
#.......# { #..
#.......# #.. #.......#
#.. #....#### #.. #....
###


You could see a fire dragon.

Vanquished Creatures
  Margery (Vaults:2)
  An Ice Fiend (IceCv)
  2 deep elf master archers (Elf:3)
  2 deep elf blademasters (Elf:3)
  Frances (Shoals:1)
  A tengu reaver (Vaults:2)
  Ilsuiw (Shoals:2)
  7 nagarajas (Snake:4)
  A fire giant (Vaults:1)
  Louise (Lair:3)
  5 vault wardens
  4 deep elf sorcerers
  7 deep elf elementalists (Elf:3)
  5 ironheart preservers
  A war gargoyle (Vaults:1)
  An entropy weaver (Vaults:1)
  A black draconian (Vaults:2)
  Azrael (D:12)
  Nessos (Lair:6)
  2 stone giants (Vaults:2)
  2 deep elf annihilators (Elf:3)
  5 deep elf demonologists
  Snorg (D:12)
  2 merfolk javelineers
  8 deep elf death magi
  A deep elf high priest (Elf:3)
  3 merfolk impalers
  A fire dragon (Vaults:1)
  7 yaktaur captains
  7 vault guards (Vaults:2)
  5 ogre magi
  A great orb of eyes (Vaults:1)
  6 hydras
  A rakshasa (Vaults:1)
  19 naga warriors
  5 merfolk avatars
  2 death knights
  4 merfolk aquamancers
  3 catoblepae
  24 two-headed ogres
  2 alligator snapping turtles
  A tengu warrior (D:15)
  11 anacondas
  12 dancing weapons
  6 centaur warriors
  3 satyrs
  Urug (D:12)
  9 shock serpents
  12 naga sharpshooters
  4 hell knights (Vaults:2)
  9 deep elf knights
  A skeletal warrior (Vaults:1)
  A salamander mystic (Snake:4)
  2 unseen horrors
  8 sea snakes
  A wizard (Vaults:2)
  10 naga ritualists
  2 deep trolls (Orc:2)
  10 harpies
  2 glowing orange brains
  A harpy (shapeshifter) (D:13)
  5 ironbrand convokers
  4 necromancers
  12 deep elf archers
  7 orc knights
  Pikel (D:6)
  A phantasmal warrior (Vaults:2)
  10 mana vipers
  2 wolf spiders
  4 cyclopes
  5 orc sorcerers
  43 deep elf magi
  23 ugly things
  15 fauns
  9 manticores
  6 salamanders
  11 merfolk sirens
  6 vault sentinels
  A guardian serpent (shapeshifter) (Vaults:1)
  3 ice statues (IceCv)
  An eye of devastation (Vaults:2)
  7 water nymphs
  8 elephants
  27 black mambas
  11 guardian serpents
  20 naga magi
  Psyche (D:9)
  2 gargoyles
  22 spiny frogs
  7 komodo dragons
  14 yaktaurs
  An efreet (D:13)
  2 rime drakes
  A freezing wraith (Vaults:1)
  12 ice devils (IceCv)
  A yaktaur (shapeshifter) (Vaults:1)
  A tengu conjurer (D:15)
  A golden dragon simulacrum (IceCv)
  A queen bee (D:8)
  13 trolls
  3 polar bears
  3 wind drakes
  4 hornets
  15 blink frogs
  20 merfolk
  3 tyrant leeches (Lair:6)
  A harpy skeleton (D:15)
  A meliai zombie (D:15)
  10 slime creatures
  A blink frog (shapeshifter) (Elf:3)
  11 snapping turtles
  6 dream sheep (Lair:5)
  12 hippogriffs
  A centaur simulacrum (D:15)
  3 air elementals
  A shadow (D:15)
  2 redbacks (Vaults:1)
  A spriggan (shapeshifter) (Vaults:2)
  8 water elementals
  A yak (shapeshifter) (D:15)
  3 wraiths
  4 wyverns
  A dire elephant simulacrum (IceCv)
  3 hungry ghosts
  3 basilisks
  8 fire elementals
  44 yaks
  A hog (shapeshifter) (Vaults:2)
  10 vampire mosquitoes
  An iron troll simulacrum (IceCv)
  A swamp worm (shapeshifter) (Vaults:2)
  3 wargs
  68 nagas
  3 harpy simulacra (IceCv)
  2 hydra simulacra (IceCv)
  8 water moccasins
  4 porcupines
  6 ice beasts
  2 hell hounds (D:12)
  27 orc warriors
  A black bear (D:13)
  2 sky beasts
  A slave (D:6)
  A necrophage (D:9)
  2 ettin simulacra (IceCv)
  30 ogres
  2 eyes of draining (D:15)
  23 centaurs
  5 wolves (Lair:6)
  16 crocodiles
  2 big kobolds (D:7)
  2 earth elementals
  35 bullfrogs
  A wyvern skeleton (D:8)
  6 scorpions
  5 wights
  32 killer bees
  11 howler monkeys
  3 vampire bats (D:7)
  2 electric eels (D:12)
  4 crimson imps
  2 bullfrog zombies
  A centaur zombie (D:9)
  A quasit (D:13)
  3 hounds
  3 jellies
  20 orc priests
  4 bullfrog skeletons
  4 centaur skeletons
  19 orc wizards
  3 iguanas
  11 worker ants
  A hound zombie (D:6)
  A hound skeleton (D:8)
  2 howler monkey zombies (D:9)
  9 adders
  5 gnolls (D:2)
  A howler monkey skeleton (D:5)
  A river rat (Lair:6)
  7 shadow imps
  An ooze (D:3)
  An adder zombie (D:8)
  3 worms
  2 dart slugs
  5 leopard geckos
  73 orcs
  7 bats
  5 bat skeletons (D:7)
  2 bat zombies (D:7)
  6 giant cockroaches
  8 hobgoblins
  8 jackals
  16 kobolds
  3 quokkas
  2 ball pythons
  7 frilled lizards
  10 goblins
  A quokka skeleton (D:4)
  8 rats
  6 crawling corpses (Elf:3)
  3 fungi
  13 plants
1365 creatures vanquished.

Vanquished Creatures (others)
  A deep elf master archer (Elf:3)
  2 merfolk javelineers
  A merfolk impaler (Shoals:2)
  3 satyrs (Shoals:4)
  2 naga sharpshooters (Snake:4)
  4 deep elf archers
  3 fauns
  A deep elf mage (Elf:1)
  4 yaktaurs
  A merfolk (Shoals:2)
  A water elemental (Shoals:2)
  3 centaurs
  A jelly (D:6)
  A howler monkey zombie (D:6)
  An ooze (D:6)
  2 orcs (D:12)
  A bush (Lair:6)
  19 fungi
  95 plants
  5 toadstools (D:9)
151 creatures vanquished.

Grand Total: 1516 creatures vanquished

Notes
Turn   | Place    | Note
-------+----------+-------------------------------------------
     0 | D:1      | Mgcat the Naga Fighter began the quest for the Orb.
     0 | D:1      | Reached XP level 1. HP: 21/21 MP: 1/1
   277 | D:1      | Reached XP level 2. HP: 25/28 MP: 2/2
   715 | D:1      | Reached XP level 3. HP: 31/34 MP: 3/3
   926 | D:2      | Reached skill level 3 in Axes
  1063 | D:2      | Reached XP level 4. HP: 44/44 MP: 4/4
  1066 | D:2      | Reached skill level 4 in Fighting
  1470 | D:2      | Noticed a +0 dagger
  1470 | D:2      | Noticed a +0 hand axe
  1489 | D:2      | Found a hide-covered altar of Uskayaw.
  1978 | D:2      | Reached XP level 5. HP: 51/51 MP: 5/5
  2174 | D:2      | Reached skill level 4 in Axes
  3098 | D:4      | Found Xixecox's Antique Armour Shop.
  3115 | D:4      | Reached skill level 5 in Fighting
  3115 | D:4      | Reached XP level 6. HP: 48/61 MP: 6/6
  3448 | D:4      | Reached skill level 5 in Axes
  3830 | D:4      | Found the +2 robe of Vines {NoPotionHeal Regen+7}
  4000 | D:4      | Reached skill level 6 in Axes
  4000 | D:4      | Reached XP level 7. HP: 38/67 MP: 7/7
  4428 | D:5      | Entered Level 5 of the Dungeon
  4437 | D:5      | Noticed a two-headed ogre
  4453 | D:5      | Gained mutation: You have a pair of small antennae on your
                  | head. [potion of mutation]
  4453 | D:5      | Gained mutation: You can exhale a cloud of poison. [potion
                  | of mutation]
  4453 | D:5      | Gained mutation: You are occasionally teleported next to
                  | monsters. [potion of mutation]
  4453 | D:5      | Gained mutation: Your spells are a little harder to cast,
                  | but a little more powerful. [potion of mutation]
  4459 | D:5      | Killed a two-headed ogre
  4459 | D:5      | Reached skill level 8 in Axes
  4459 | D:5      | Reached XP level 8. HP: 33/74 MP: 8/8
  4643 | D:5      | Found a runed translucent gate.
  4643 | D:5      | Found a runed translucent gate.
  4643 | D:5      | Found a runed translucent gate.
  4648 | D:5      | Noticed Duffy's ghost (novice NaFi)
  4655 | D:5      | Reached skill level 9 in Axes
  5169 | D:5      | Found a bloodstained altar of Trog.
  5426 | D:6      | Reached skill level 10 in Axes
  5712 | D:6      | Noticed Pikel
  5722 | D:6      | Killed Pikel
  5722 | D:6      | Reached skill level 3 in Armour
  5722 | D:6      | Reached XP level 9. HP: 74/81 MP: 9/9
  5975 | D:6      | Reached skill level 4 in Armour
  6669 | D:7      | Found an ancient bone altar of Kikubaaqudgha.
  6676 | D:7      | Reached skill level 11 in Axes
  6877 | D:7      | Reached skill level 5 in Armour
  7251 | D:7      | Found a staircase to the Ecumenical Temple.
  7260 | Temple   | Entered the Ecumenical Temple
  7283 | Temple   | Became a worshipper of Cheibriados the Contemplative
  7477 | D:7      | Reached skill level 1 in Invocations
  7628 | D:8      | Reached XP level 10. HP: 86/88 MP: 9/11
  7632 | D:8      | Reached skill level 2 in Invocations
  7647 | D:7      | Reached * piety under Cheibriados
  7876 | D:7      | Reached skill level 12 in Axes
  8027 | D:8      | Reached skill level 3 in Invocations
  8193 | D:8      | Reached skill level 4 in Invocations
  8225 | D:8      | Found a transporter.
  8225 | D:8      | Noticed Masnef's ghost (novice GrWz)
  8255 | D:8      | Reached ** piety under Cheibriados
  8535 | D:8      | Found a transporter.
  8539 | D:8      | Reached skill level 5 in Invocations
  8652 | D:8      | Reached *** piety under Cheibriados
  8785 | D:8      | Found a shimmering altar of Xom.
  8785 | D:8      | Found a shimmering altar of Xom.
  8787 | D:8      | Found a shimmering altar of Xom.
  8864 | D:8      | Noticed a two-headed ogre
  8872 | D:8      | HP: 17/88 [two-headed ogre/+0 giant spiked club (12)]
  8874 | D:8      | Killed a two-headed ogre
  8874 | D:8      | Reached skill level 6 in Invocations
  9531 | D:9      | Noticed Psyche
  9535 | D:9      | Killed Psyche
  9535 | D:9      | Reached skill level 13 in Axes
  9588 | D:9      | Reached skill level 7 in Invocations
  9588 | D:9      | Reached XP level 11. HP: 63/94 MP: 16/16
  9679 | D:9      | Reached **** piety under Cheibriados
  9752 | D:9      | Found a staircase to the Lair.
 10178 | D:9      | Reached skill level 8 in Invocations
 10362 | D:10     | Entered Level 10 of the Dungeon
 10391 | D:10     | Found a deep blue altar of Sif Muna.
 10623 | D:10     | Found Cheibriados's Comfort Zone.
 10623 | D:10     | Found a snail-covered altar of Cheibriados.
 10963 | D:11     | Noticed a manticore
 10967 | D:11     | Killed a manticore
 10967 | D:11     | Reached skill level 14 in Axes
 11010 | D:11     | Found Umouq's Distillery.
 11236 | D:11     | Reached ***** piety under Cheibriados
 11245 | D:11     | Reached skill level 1 in Evocations
 11275 | D:11     | Reached skill level 1 in Dodging
 11278 | D:11     | Found a roughly hewn altar of Beogh.
 11293 | D:11     | Reached skill level 3 in Shields
 11399 | D:11     | Reached skill level 2 in Evocations
 11548 | D:11     | You fall through a shaft!
 11553 | D:12     | Noticed a brown ugly thing
 11974 | Lair:1   | Entered Level 1 of the Lair of Beasts
 12025 | Lair:1   | Reached skill level 2 in Dodging
 12043 | Lair:1   | Reached skill level 3 in Evocations
 12122 | Lair:1   | Got a pair of scorched gloves
 12133 | Lair:1   | Identified the cursed -7 pair of gloves of the Shoals
                  | {rPois Dex+4 SInv} (You found it on level 1 of the Lair of
                  | Beasts)
 12166 | Lair:1   | Lost mutation: Your spells are a little harder to cast, but
                  | a little more powerful. [potion of mutation]
 12166 | Lair:1   | Lost mutation: You are occasionally teleported next to
                  | monsters. [potion of mutation]
 12166 | Lair:1   | Gained mutation: You are partially covered in molten
                  | scales. (AC +2) [potion of mutation]
 12166 | Lair:1   | Gained mutation: Your magical capacity is low. (-10% MP)
                  | [potion of mutation]
 12166 | Lair:1   | Gained mutation: You possess an exceptional clarity of
                  | mind. [potion of mutation]
 12878 | Lair:2   | Reached skill level 3 in Dodging
 12878 | Lair:2   | Reached skill level 4 in Shields
 12911 | Lair:2   | Reached skill level 4 in Evocations
 12911 | Lair:2   | Reached XP level 12. HP: 60/103 MP: 16/16
 13276 | Lair:2   | Reached ****** piety under Cheibriados
 13553 | Lair:2   | Reached skill level 4 in Dodging
 13561 | Lair:2   | Reached skill level 5 in Evocations
 13794 | Lair:2   | Reached skill level 5 in Shields
 13873 | Lair:2   | Found a runed translucent gate.
 13873 | Lair:2   | Found a runed translucent gate.
 13873 | Lair:2   | Found a runed translucent gate.
 13875 | Lair:2   | Found a viscous altar of Jiyva.
 13875 | Lair:2   | Noticed Hydrazoo's ghost (journeyman TrHu)
 14518 | Lair:3   | Reached skill level 5 in Dodging
 14872 | Lair:3   | Noticed an eight-headed hydra
 14876 | Lair:3   | Killed an eight-headed hydra
 14997 | Lair:3   | Reached skill level 15 in Axes
 15109 | Lair:3   | Found a staircase to the Snake Pit.
 15609 | Lair:4   | Noticed an eight-headed hydra
 15612 | Lair:4   | Killed an eight-headed hydra
 15793 | Lair:4   | Gained mutation: You can use your snake-like lower body to
                  | constrict enemies. [Naga growth]
 15793 | Lair:4   | Reached XP level 13. HP: 94/109 MP: 17/17
 15825 | Lair:4   | Found a staircase to the Shoals.
 15909 | Lair:4   | Reached skill level 16 in Axes
 17335 | Lair:6   | Entered Level 6 of the Lair of Beasts
 17415 | Lair:6   | Reached skill level 17 in Axes
 18253 | Lair:6   | Reached skill level 18 in Axes
 18265 | Lair:6   | Reached XP level 14. HP: 109/117 MP: 18/18
 18330 | Lair:6   | Found a viscous altar of Jiyva.
 18331 | Lair:6   | Found a staircase to the Slime Pits.
 18557 | Lair:6   | Noticed Nessos
 18613 | Lair:6   | Killed Nessos
 19465 | D:12     | Reached skill level 19 in Axes
 19470 | D:12     | Noticed Azrael
 19485 | D:12     | HP: 29/117 [burnt (1)]
 19485 | D:12     | Killed Azrael
 20253 | D:12     | Found a staircase to the Orcish Mines.
 20360 | D:12     | Noticed Snorg
 20367 | D:12     | Killed Snorg
 20388 | D:12     | Noticed Urug
 20393 | D:12     | Killed Urug
 20465 | D:12     | Found a burning altar of Makhleb.
 20816 | Orc:1    | Entered Level 1 of the Orcish Mines
 20846 | Orc:1    | Found Zoteph's Gadget Shoppe.
 20977 | Orc:2    | Entered Level 2 of the Orcish Mines
 21078 | Orc:2    | Found a staircase to the Elven Halls.
 21320 | Orc:2    | Found Gideih's Weapon Boutique.
 21445 | Orc:2    | Reached skill level 20 in Axes
 21476 | Orc:2    | Reached skill level 6 in Fighting
 21505 | Orc:2    | Reached XP level 15. HP: 106/128 MP: 18/18
 21516 | Orc:2    | Reached skill level 7 in Fighting
 21822 | Orc:2    | Reached skill level 8 in Fighting
 21827 | Orc:2    | Found Cuavufra's Assorted Antiques.
 21832 | Orc:2    | Found Miacost's Food Emporium.
 21839 | Orc:2    | Bought a blackened golden amulet for 170 gold pieces
 21936 | Orc:2    | Found Jicuas's Antique Armour Boutique.
 21945 | Orc:2    | Bought a pair of glowing gloves for 240 gold pieces
 22832 | D:13     | Reached skill level 9 in Fighting
 23018 | D:13     | Noticed Yceypur's ghost (journeyman DrBe)
 23018 | D:13     | Identified the +7 great mace "Ivy Sir" {crush, *Contam rN+
                  | MR+}
 23023 | D:13     | Found a transporter.
 23025 | D:13     | Found a transporter.
 23240 | D:13     | Found a gate to the Vaults.
 23579 | D:14     | Found Veucauf's Antique Armour Boutique.
 23723 | D:14     | Reached skill level 10 in Fighting
 23765 | D:14     | Found Ostraf's Magic Scroll Shop.
 23773 | D:14     | Bought a scroll of acquirement for 520 gold pieces
 23774 | D:14     | Got a polished broad axe
 23775 | D:14     | Identified the +6 broad axe of Pijyixzu {chop, +Blink rN+
                  | Stlth+} (You acquired it on level 14 of the Dungeon)
 23814 | D:14     | Found a shattered altar of Ashenzari.
 23921 | D:14     | Found Irobbig's Antique Armour Boutique.
 23936 | D:14     | Bought a runed cloak for 240 gold pieces
 23936 | D:14     | Bought a pair of runed gloves for 240 gold pieces
 24174 | D:15     | Entered Level 15 of the Dungeon
 24438 | D:15     | Found a blossoming altar of Fedhas.
 24623 | D:15     | Found Kuofanicau's Jewellery Boutique.
 24629 | D:15     | Bought a +6 amulet of reflection for 877 gold pieces
 24953 | D:15     | Reached skill level 6 in Evocations
 25060 | D:15     | Reached skill level 9 in Invocations
 25117 | D:15     | Found a staircase to the Depths.
 25636 | Snake:1  | Entered Level 1 of the Snake Pit
 25642 | Snake:1  | Reached skill level 6 in Armour
 25642 | Snake:1  | Reached XP level 16. HP: 147/148 MP: 20/20
 25645 | Snake:1  | Reached skill level 6 in Shields
 25921 | Snake:1  | Noticed Louise
 25939 | Lair:3   | Killed Louise
 26182 | Snake:1  | Got a fine chain mail
 26214 | Snake:1  | Got a faintly glowing naga barding
 26220 | Snake:1  | Identified the +1 naga barding of Gefun {+Fly Regen+ Str-5
                  | Dex+4} (You acquired it on level 1 of the Snake Pit)
 26295 | Snake:1  | HP: 19/148 [shock serpent/bolt of electricity (22)]
 26296 | Snake:1  | Reached skill level 11 in Fighting
 26964 | Snake:2  | Reached skill level 7 in Evocations
 27192 | Snake:2  | Found Oduigai's Distillery.
 27199 | Snake:2  | Found Bashroupt's Gadget Shoppe.
 27762 | Snake:2  | Reached skill level 10 in Invocations
 27953 | Snake:3  | Reached skill level 7 in Armour
 28137 | Snake:3  | Reached skill level 7 in Shields
 28650 | Shoals:1 | Entered Level 1 of the Shoals
 28662 | Shoals:1 | Found a frozen archway.
 28680 | Shoals:1 | Reached skill level 8 in Evocations
 28703 | IceCv    | Entered an ice cave
 29227 | IceCv    | Reached XP level 17. HP: 142/159 MP: 22/22
 29243 | IceCv    | HP: 39/159 [iron troll simulacrum (7)]
 29723 | IceCv    | Noticed an Ice Fiend
 29730 | IceCv    | HP: 38/159 [something (7)]
 29734 | IceCv    | Killed an Ice Fiend
 30126 | IceCv    | Got a faintly humming leather armour
 30505 | Shoals:1 | Reached skill level 12 in Fighting
 30741 | Shoals:1 | Noticed Frances
 30754 | Shoals:1 | Killed Frances
 30754 | Shoals:1 | Reached skill level 11 in Invocations
 31333 | Shoals:2 | Noticed Ilsuiw
 31341 | Shoals:2 | Reached skill level 8 in Armour
 31341 | Shoals:2 | Killed Ilsuiw
 31342 | Shoals:2 | Reached skill level 8 in Shields
 31345 | Shoals:2 | Reached skill level 9 in Evocations
 31386 | Shoals:2 | Found a stormy altar of Qazlal.
 31813 | Shoals:2 | Found a flickering gateway to a bazaar.
 31854 | Bazaar   | Entered a bazaar
 31854 | Bazaar   | Found Penopuy's General Store.
 31854 | Bazaar   | Found Heahoa's Weapon Emporium.
 31858 | Bazaar   | Found Xulokek's Antique Weapon Shoppe.
 31872 | Bazaar   | Found Wianweil's Book Emporium.
 31895 | Bazaar   | Bought a runed broad axe for 238 gold pieces
 32595 | Shoals:3 | Learned a level 4 spell: Summon Lightning Spire
 32878 | Shoals:4 | Entered Level 4 of the Shoals
 33687 | Shoals:4 | Got a barnacled rune of Zot
 33729 | Shoals:4 | Reached XP level 18. HP: 157/170 MP: 24/24
 33744 | Shoals:4 | Identified the Volume of the Freezing Volcanoes
 34003 | Shoals:4 | Reached skill level 12 in Invocations
 34062 | Shoals:4 | Reached skill level 10 in Evocations
 34367 | Snake:4  | Entered Level 4 of the Snake Pit
 34372 | Snake:4  | Reached skill level 9 in Armour
 34456 | Snake:4  | Found Feutann's Book Shoppe.
 34460 | Snake:4  | Reached skill level 9 in Shields
 34463 | Snake:4  | Found Xeudiupe's Distillery.
 34464 | Snake:4  | Found Ascho's Book Shoppe.
 34521 | Snake:4  | Reached skill level 13 in Fighting
 35987 | Snake:4  | Reached skill level 10 in Armour
 35990 | Snake:4  | Reached skill level 10 in Shields
 36234 | Snake:4  | Reached skill level 14 in Fighting
 36419 | Snake:4  | Reached XP level 19. HP: 151/182 MP: 25/25
 36672 | Snake:4  | Got a serpentine rune of Zot
 37049 | Elf:1    | Entered Level 1 of the Elven Halls
 37358 | Elf:1    | Reached skill level 11 in Shields
 38053 | Elf:1    | Reached skill level 15 in Fighting
 38130 | Elf:2    | Found a runed translucent gate.
 38131 | Elf:2    | Noticed Voneppui's ghost (adept NaGl)
 38132 | Elf:2    | Found a runed translucent gate.
 38142 | Elf:2    | Found a runed translucent gate.
 38352 | Elf:2    | Found a runed translucent gate.
 38353 | Elf:2    | Found a runed translucent gate.
 38354 | Elf:2    | Found a runed translucent gate.
 38558 | Elf:2    | Reached skill level 12 in Shields
 38750 | Elf:3    | Entered Level 3 of the Elven Halls
 39126 | Elf:3    | Identified the +3 morningstar "Ohar" {flame, *Corrode rF++
                  | rN+ Int+3}
 39642 | Elf:3    | Reached XP level 20. HP: 194/194 MP: 26/26
 39770 | Elf:3    | Identified the +5 leather armour of Dim Light {MR+ Int+2}
 39872 | Elf:3    | Reached skill level 6 in Dodging
 39973 | Elf:3    | Found the +5 pair of quick blades "Gyre" and "Gimble"
                  | {pierce, Dex-3}
 39974 | Elf:3    | Found the +2 ratskin cloak {+Rats rPois rN+ Str-1 Int-1
                  | Dex+1}
 40162 | Elf:3    | Identified the Almanac of Unholy Ice
 40178 | Elf:3    | Identified the Incunabulum of Ice
 40187 | Elf:3    | Got a smoking scale mail
 40204 | Elf:3    | Identified Timusyhu's Almanac of Arcane Weapons
 40207 | Elf:3    | Got a crude plate armour
 40229 | Elf:3    | Got a slimy longbow
 40231 | Elf:3    | Identified the +1 longbow "Zoedyps" {venom, *Drain rElec
                  | Dex+3 Stlth+} (You found it on level 3 of the Elven Halls)
 40232 | Elf:3    | Identified the +8 plate armour of Nyzxo {rPois Str+3} (You
                  | found it on level 3 of the Elven Halls)
 40460 | Vaults:1 | Entered Level 1 of the Vaults
 40873 | Vaults:1 | Reached skill level 13 in Invocations
 41015 | Vaults:1 | Reached skill level 7 in Dodging
 41160 | Vaults:1 | Reached skill level 11 in Armour
 41883 | Vaults:2 | Noticed Margery
 41990 | Vaults:2 | Killed Margery
 41990 | Vaults:2 | Reached skill level 13 in Shields
 42399 | Vaults:2 | Reached XP level 21. HP: 184/204 MP: 28/28
 42411 | Vaults:2 | Reached skill level 16 in Fighting
 42834 | Vaults:2 | Reached skill level 8 in Dodging
 42857 | Vaults:2 | HP: 37/205 [fire dragon/blast of flame (21)]
 42858 | Vaults:2 | HP: 9/205 [fire dragon/blast of flame (29)]
 42859 | Vaults:2 | Killed from afar by a fire dragon

Vault maps used:
D:1:      ebering_hopf_link, serial_bayou_pond_e
D:2:      dancing_weapons_uskayaw
D:4:      first_ration, serial_shops, nicolae_shop_window_shopping
D:5:      lemuel_crystal_altar, gammafunk_ghost_necromancy
D:6:      uniq_pikel
D:7:      kennysheep_vampire_church, temple_green
D:8:      xom_redecorated, gammafunk_ghost_mausoleum, david_nohive_1,
          minmay_orc_keep
D:9:      david_lair_generic, serial_undead, serial_undead_a, serial_undead_c,
          serial_undead_c, serial_undead_c, minmay_gold_behind_fungi,
          uniq_psyche
D:10:     basic_altar, minmay_shop_chei
D:11:     serial_shops, shop
D:12:     erik_orc_2, makhleb_altar_promises_db, uniq_snorg, uniq_azrael,
          uniq_urug
D:13:     david_vaults_4, gammafunk_ghost_smash
D:14:     serial_shops, shop, shop_scrolls, nicolae_shop_overgrown_old_shop,
          nicolae_ashenzari_panopticon, chequers_garden, kennysheep_donut,
          hangedman_abyss_or_decor_stabs, minmay_between
D:15:     grunt_enter_depths_magical_seal, serial_shops, shop,
          lemuel_centaur_altar
Temple:   regret_index_temple_mists
Lair:1:   lemuel_fruit_tree
Lair:2:   gammafunk_ghost_ooze, grunt_megastairs_5
Lair:3:   minmay_snake_entry_guardpost_small, beast_lair_carwin_6
Lair:4:   minmay_shoals_entry_centaurs
Lair:5:   bh_chokoban, minivault_19, lemuel_fruit_fields
Lair:6:   minmay_lair_end_frog_pond, slime_altar_1, serial_rivers,
          chequers_serial_rivers_micro_a, chequers_serial_rivers_small_a,
          chequers_serial_rivers_small_b, chequers_serial_rivers_large_b,
          chequers_serial_rivers_small_a, uniq_nessos
Shoals:1: portal_ice_cave_entry_pillars_four, nicolae_shoals_so_close,
          uniq_frances
Shoals:2: nzn_motion_control, serial_shops, bzr_entry_safe,
          lemuel_altar_in_water, uniq_ilsuiw
Shoals:4: shoals_end_grunt_garden
Snake:1:  drop_trap, grunt_ministairs_2, uniq_louise
Snake:2:  minmay_shoptagon
Snake:4:  johnstein_snake_rune_scales, grunt_ministairs_3, minmay_shop_star
Orc:1:    serial_shops, shop
Orc:2:    st_orc_open
Elf:1:    minmay_elf_arrival_circle, hangedman_elf_represent
Elf:2:    gammafunk_ghost_split
Elf:3:    minmay_elf_hall_statues
Vaults:1: v_rooms_4, nicolae_vaults_border_crossing, grunt_vaults_swirl,
          nicolae_vaults_angled_halls, st_quartered_hall, v_misc_3,
          nicolae_vaults_big_angled_halls
Vaults:2: v_misc_15, hangedman_vaults_stream, nicolae_vaults_bisected_slash,
          v_misc_32, st_greater_box_1, v_misc_30, v_alt_pattern_5,
          grunt_vaults_funnel, v_misc_4, nicolae_vaults_hallways_thing,
          nicolae_vaults_little_squares_1, minmay_crypt_entry_nasty_monster,
          uniq_margery
Bazaar:   bazaar_minmay_row
IceCv:    ice_cave_tombish

Skill      XL: |  1  2  3  4  5  6  7  8  9 10 11 12 13 14 15 16 17 18 19 20 21 |
---------------+----------------------------------------------------------------+-----
Axes           | 3 4 6 8 10 11 13 14 15 18 20 | 20.0
Fighting       | 4 5 6 10 11 12 14 15 16 | 16.2
Armour         | 3 5 6 7 8 10 11 | 11.5
Invocations    | 1 7 8 9 10 11 12 13 | 13.9
Evocations     | 4 5 6 8 9 10 | 10.0
Dodging        | 3 5 7 8 |  8.0
Shields        | 4 5 7 8 10 12 13 | 13.2

Action                   |  1- 3 |  4- 6 |  7- 9 | 10-12 | 13-15 | 16-18 | 19-21 || total
-------------------------+-------+-------+-------+-------+-------+-------+-------++-------
Melee: War axe           |    72 |   356 |   218 |   661 |    42 |       |       ||  1349
       Battleaxe         |       |       |       |       |   552 |       |       ||   552
       Constrict         |       |       |       |       |   190 |   217 |   160 ||   567
       Unarmed           |       |       |       |       |    14 |       |       ||    14
       Broad axe         |       |       |       |       |   150 |   840 |   733 ||  1723
Throw: Stone             |     2 |       |       |     1 |    17 |       |       ||    20
Invok: Slouch            |       |       |       |     6 |     5 |    11 |     1 ||    23
       Bend Time         |       |       |       |       |     1 |       |       ||     1
       Temporal Distorti |       |       |       |       |     5 |     2 |       ||     7
 Abil: Spit Poison       |    18 |    38 |     2 |       |       |       |       ||    58
       Breathe Poison Ga |       |       |    21 |    45 |    16 |     9 |     1 ||    92
       Evoke Blink       |       |       |       |       |       |     4 |       ||     4
       Evoke Invisibilit |       |       |       |       |       |       |     1 ||     1
Evoke: Wand              |       |       |       |     4 |     5 |     1 |     1 ||    11
       Phantom mirror    |       |       |       |       |       |     1 |       ||     1
  Use: Scroll            |       |     9 |     7 |    16 |     7 |     8 |     7 ||    54
       Potion            |       |     2 |     2 |     1 |     2 |     2 |     2 ||    11
 Stab: Petrified         |       |       |       |       |     2 |       |       ||     2
       Invisible         |       |       |       |       |       |       |     2 ||     2
       Distracted        |       |       |       |       |       |       |     1 ||     1
  Eat: Chunk             |     1 |    11 |     4 |    31 |    23 |     9 |    14 ||    93
       Ration            |       |       |     3 |       |     2 |     4 |     1 ||    10
Armor: Scale mail        |    27 |     1 |       |       |       |       |       ||    28
       Crystal plate arm |       |   361 |   171 |   468 |   667 |   508 |   313 ||  2488
       Skin              |       |     1 |       |       |       |       |       ||     1
Dodge: Dodged            |    15 |    12 |     1 |    75 |   310 |   200 |   111 ||   724
Block: Shield            |    32 |   204 |    97 |   399 |   159 |  1027 |   708 ||  2626
       Reflection        |       |       |       |       |     4 |   152 |   132 ||   288

Table legend:
 A = Non-vault XP
 B = Vault XP
 C = Vault XP percentage of total XP
 D = Non-vault monster count
 E = Vault monster count
 F = Vault count percentage of total count
                 A         B        C        D         E       F
            +---------+---------+-------+---------+---------+-------
      Total |  265637 |  266961 |  50.1 |     860 |     507 |  37.1
            +---------+---------+-------+---------+---------+-------
        D:1 |      44 |       0 |   0.0 |      24 |       0 |   0.0
        D:2 |     142 |       0 |   0.0 |      32 |       0 |   0.0
        D:3 |      62 |       0 |   0.0 |      15 |       0 |   0.0
        D:4 |     403 |       0 |   0.0 |      18 |       0 |   0.0
        D:5 |    1239 |       0 |   0.0 |      16 |       0 |   0.0
        D:6 |     692 |     607 |  46.7 |      11 |       1 |   8.3
        D:7 |    1335 |     357 |  21.1 |      36 |      13 |  26.5
        D:8 |    2341 |    1253 |  34.9 |      33 |      21 |  38.9
        D:9 |    2303 |    1271 |  35.6 |      23 |       8 |  25.8
       D:10 |     566 |       0 |   0.0 |       8 |       0 |   0.0
       D:11 |    1558 |    1215 |  43.8 |      17 |      26 |  60.5
       D:12 |    6182 |    5393 |  46.6 |      28 |      30 |  51.7
       D:13 |    4152 |    2489 |  37.5 |      31 |       4 |  11.4
       D:14 |    5922 |     620 |   9.5 |      14 |       2 |  12.5
       D:15 |   18595 |    3910 |  17.4 |      49 |      12 |  19.7
     Lair:1 |    1697 |       0 |   0.0 |       9 |       0 |   0.0
     Lair:2 |    4998 |     444 |   8.2 |      24 |       1 |   4.0
     Lair:3 |    4883 |    3851 |  44.1 |      20 |      11 |  35.5
     Lair:4 |    4719 |     442 |   8.6 |      14 |       4 |  22.2
     Lair:5 |    5390 |       0 |   0.0 |      21 |       0 |   0.0
     Lair:6 |    9315 |   14216 |  60.4 |      33 |      48 |  59.3
   Shoals:1 |   19559 |    1780 |   8.3 |      40 |       2 |   4.8
   Shoals:2 |    7340 |    8938 |  54.9 |      17 |      11 |  39.3
   Shoals:3 |    3956 |       0 |   0.0 |       7 |       0 |   0.0
   Shoals:4 |    7881 |   26125 |  76.8 |      16 |      42 |  72.4
    Snake:1 |   10272 |    1957 |  16.0 |      24 |       5 |  17.2
    Snake:2 |   15967 |       0 |   0.0 |      33 |       0 |   0.0
    Snake:3 |   12170 |       0 |   0.0 |      24 |       0 |   0.0
    Snake:4 |   21009 |   49991 |  70.4 |      38 |      80 |  67.8
      Orc:1 |     460 |       0 |   0.0 |       6 |       0 |   0.0
      Orc:2 |    1420 |   15787 |  91.7 |      17 |      37 |  68.5
      Elf:1 |   18340 |    7086 |  27.9 |      30 |      10 |  25.0
      Elf:2 |   17067 |       0 |   0.0 |      28 |       0 |   0.0
      Elf:3 |   14500 |   39690 |  73.2 |      22 |      25 |  53.2
   Vaults:1 |   17383 |   27125 |  60.9 |      31 |      35 |  53.0
   Vaults:2 |   21775 |   42464 |  66.1 |      51 |      53 |  51.0
      IceCv |       0 |    9950 | 100.0 |       0 |      26 | 100.0
            +---------+---------+-------+---------+---------+-------

Vault maps used:
D:1:      ebering_hopf_link, serial_bayou_pond_e
D:2:      dancing_weapons_uskayaw
D:4:      first_ration, serial_shops, nicolae_shop_window_shopping
D:5:      lemuel_crystal_altar, gammafunk_ghost_necromancy
D:6:      uniq_pikel
D:7:      kennysheep_vampire_church, temple_green
D:8:      xom_redecorated, gammafunk_ghost_mausoleum, david_nohive_1,
          minmay_orc_keep
D:9:      david_lair_generic, serial_undead, serial_undead_a, serial_undead_c,
          serial_undead_c, serial_undead_c, minmay_gold_behind_fungi,
          uniq_psyche
D:10:     basic_altar, minmay_shop_chei
D:11:     serial_shops, shop
D:12:     erik_orc_2, makhleb_altar_promises_db, uniq_snorg, uniq_azrael,
          uniq_urug
D:13:     david_vaults_4, gammafunk_ghost_smash
D:14:     serial_shops, shop, shop_scrolls, nicolae_shop_overgrown_old_shop,
          nicolae_ashenzari_panopticon, chequers_garden, kennysheep_donut,
          hangedman_abyss_or_decor_stabs, minmay_between
D:15:     grunt_enter_depths_magical_seal, serial_shops, shop,
          lemuel_centaur_altar
Temple:   regret_index_temple_mists
Lair:1:   lemuel_fruit_tree
Lair:2:   gammafunk_ghost_ooze, grunt_megastairs_5
Lair:3:   minmay_snake_entry_guardpost_small, beast_lair_carwin_6
Lair:4:   minmay_shoals_entry_centaurs
Lair:5:   bh_chokoban, minivault_19, lemuel_fruit_fields
Lair:6:   minmay_lair_end_frog_pond, slime_altar_1, serial_rivers,
          chequers_serial_rivers_micro_a, chequers_serial_rivers_small_a,
          chequers_serial_rivers_small_b, chequers_serial_rivers_large_b,
          chequers_serial_rivers_small_a, uniq_nessos
Shoals:1: portal_ice_cave_entry_pillars_four, nicolae_shoals_so_close,
          uniq_frances
Shoals:2: nzn_motion_control, serial_shops, bzr_entry_safe,
          lemuel_altar_in_water, uniq_ilsuiw
Shoals:4: shoals_end_grunt_garden
Snake:1:  drop_trap, grunt_ministairs_2, uniq_louise
Snake:2:  minmay_shoptagon
Snake:4:  johnstein_snake_rune_scales, grunt_ministairs_3, minmay_shop_star
Orc:1:    serial_shops, shop
Orc:2:    st_orc_open
Elf:1:    minmay_elf_arrival_circle, hangedman_elf_represent
Elf:2:    gammafunk_ghost_split
Elf:3:    minmay_elf_hall_statues
Vaults:1: v_rooms_4, nicolae_vaults_border_crossing, grunt_vaults_swirl,
          nicolae_vaults_angled_halls, st_quartered_hall, v_misc_3,
          nicolae_vaults_big_angled_halls
Vaults:2: v_misc_15, hangedman_vaults_stream, nicolae_vaults_bisected_slash,
          v_misc_32, st_greater_box_1, v_misc_30, v_alt_pattern_5,
          grunt_vaults_funnel, v_misc_4, nicolae_vaults_hallways_thing,
          nicolae_vaults_little_squares_1, minmay_crypt_entry_nasty_monster,
          uniq_margery
Bazaar:   bazaar_minmay_row
IceCv:    ice_cave_tombish

Table legend:
 A = Turns spent in this place as a percentage of turns spent in the entire game.
 B = Non-inter-level travel turns spent in this place as a percentage of non-inter-level travel turns spent in the entire game.
 C = Inter-level travel turns spent in this place as a percentage of turns spent in this place.
 D = Turns resting spent in this place as a percentage of non-inter-level travel turns spent in this place.
 E = Turns spent auto-exploring this place as a percentage of non-inter-level travel turns spent in this place.
 F = Non-inter-level travel turns spent in this place divided by the number of levels of this place that you've seen.
                   A       B       C       D       E      F
               +-------+-------+-------+-------+-------+----------------------
         Total | 100.0 | 100.0 |   6.6 |  24.4 |  56.6 | 1026.7
       Dungeon |  38.7 |  38.1 |   8.1 |  17.7 |  63.3 | 1016.5
        Temple |   0.1 |   0.1 |  35.9 |   0.0 |  64.0 |  25.0
          Lair |  18.7 |  18.5 |   7.5 |  24.3 |  61.3 | 1236.0
        Shoals |   9.6 |   9.9 |   3.3 |  23.1 |  55.3 | 994.2
     Snake Pit |  11.6 |  11.9 |   4.3 |  40.7 |  41.4 | 1193.8
  Orcish Mines |   4.4 |   4.1 |  12.3 |  22.7 |  62.2 | 818.5
   Elven Halls |   7.7 |   7.7 |   6.7 |  21.7 |  55.6 | 1029.0
        Vaults |   5.6 |   5.8 |   2.4 |  10.8 |  58.9 | 1171.0
        Bazaar |   0.1 |   0.1 |   0.0 |   0.0 |  62.0 |  50.0
      Ice Cave |   3.5 |   3.7 |   0.0 |  74.9 |   8.2 | 1485.0
               +-------+-------+-------+-------+-------+----------------------

Table legend:
 A = Kills in this place as a percentage of kills in entire the game.
 B = Kills by you in this place as a percentage of kills by you in the entire game.
 C = Kills by friends in this place as a percentage of kills by friends in the entire game.
 D = Other kills in this place as a percentage of other kills in the entire game.
 E = Experience gained in this place as a percentage of experience gained in the entire game.
 F = Experience gained in this place divided by the number of levels of this place that you have seen.
                   A       B       C       D       E      F
               +-------+-------+-------+-------+-------+----------------------
         Total | 100.0 | 100.0 |   N/A | 100.0 | 100.0 | 13656.4
       Dungeon |  34.5 |  35.2 |   N/A |   0.0 |  11.8 | 4176.7
          Lair |  13.5 |  13.8 |   N/A |   0.0 |   9.4 | 8325.8
        Shoals |   9.9 |   9.2 |   N/A |  48.0 |  14.2 | 18894.8
     Snake Pit |  14.9 |  15.1 |   N/A |   8.0 |  20.9 | 27841.5
  Orcish Mines |   4.4 |   4.5 |   N/A |   0.0 |   3.3 | 8833.5
   Elven Halls |   8.4 |   8.2 |   N/A |  20.0 |  18.2 | 32227.7
        Vaults |  12.4 |  12.2 |   N/A |  24.0 |  20.4 | 54373.5
      Ice Cave |   1.9 |   1.9 |   N/A |   0.0 |   1.9 | 9950.0
               +-------+-------+-------+-------+-------+----------------------
